 Dungeon Crawl Stone Soup version 0.21.1-1-g345015fe64 (webtiles) character file.

271 Loge the Ruffian (level 6, -5/47 HPs)
             Began as a Draconian Transmuter on July 17, 2018.
             Was a Follower of Makhleb.
             Killed from afar by Blork the orc (9 damage)
             ... with a wand of flame (15)
             ... on level 3 of the Dungeon.
             The game lasted 00:11:51 (3826 turns).

Loge the Ruffian (Draconian Transmuter)             Turns: 3826, Time: 00:11:51

Health: -5/47      AC:  6    Str: 12    XL:     6   Next: 2%
Magic:  3/9        EV: 12    Int: 16    God:    Makhleb [*.....]
Gold:   212        SH:  0    Dex: 11    Spells: 3/9 levels left

rFire    . . .     SeeInvis .     - Unarmed
rCold    . . .     Gourm    .   (no shield)
rNeg     . . .     Faith    .   (armour unavailable)
rPois    .         Spirit   .   (helmet restricted)
rElec    .         Reflect  .   (no cloak)
rCorr    .         Harm     .   (no gloves)
MR       .....                  (no boots)
Stlth    +.........             (no amulet)
HPRegen  0.15/turn              (no ring)
MPRegen  0.11/turn              (no ring)

@: appendage
A: unfitting armour, horns 2, cold-blooded, AC +6
a: End Transformation, Renounce Religion


You were on level 3 of the Dungeon.
You worshipped Makhleb.
Makhleb was aware of your devotion.
You were not hungry.
You had grown temporary horns.
You visited 1 branch of the dungeon, and saw 4 of its levels.

You collected 212 gold pieces.

Inventory:

Missiles
 a - 27 arrows
 d - 37 stones (quivered)
Jewellery
 n - a +2 ring of strength {unknown}
 o - an uncursed ring of ice {unknown}
Wands
 r - a wand of random effects (19)
Scrolls
 e - 2 scrolls of enchant weapon {unknown}
 g - a scroll of blinking {unknown}
 i - 6 scrolls of magic mapping {unknown}
 m - 5 scrolls of identify {unknown}
 s - a scroll of remove curse {unknown}
Potions
 f - 3 potions of flight {unknown}
 h - a potion of cancellation {unknown}
 j - a potion of heal wounds {unknown}
 k - a potion of ambrosia {unknown}
 l - 2 potions of might {unknown}
 p - 2 potions of curing {unknown}
 q - 4 potions of brilliance {unknown}
Books
 b - a book of Changes

   Spells                             Type                      Level
   a - Beastly Appendage              Transmutation                1
   b - Sticks to Snakes               Transmutation                2
   c - Spider Form                    Transmutation/Poison         3
   d - Ice Form                       Ice/Transmutation            4
   e - Blade Hands                    Transmutation                5
Comestibles
 c - 10 rations


   Skills:
 - Level 1.1 Fighting
 - Level 1.7 Dodging
 * Level 5.8 Unarmed Combat
 - Level 2.0 Spellcasting
 + Level 3.9 Transmutations


You had 3 spell levels left.
You knew the following spells:

 Your Spells              Type           Power        Failure   Level  Hunger
a - Beastly Appendage     Tmut           ##....       4%          1    #......
b - Sticks to Snakes      Tmut           ##......     6%          2    ###....
c - Spider Form           Tmut/Pois      #.........   26%         3    ###....


Dungeon Overview and Level Annotations

Branches:
Dungeon (4/15)
 Temple: D:4-7

Altars:
Elyvilon
Makhleb
Nemelex Xobeh

Annotations:
D:3 Blork the orc


Innate Abilities, Weirdness & Mutations

Your plain brown scales are hard. (AC +6)
You cannot fit into any form of body armour.
You are cold-blooded and may be slowed by cold attacks.
You have a pair of horns on your head.


Message History

Blork the orc miscasts a cantrip.
Your ball python bites Blork the orc.
Your ball python constricts Blork the orc.
Blork the orc gestures at your ball python while chanting.
The puff of frost hits your ball python.
Your ball python dies!
Your ball python bites Blork the orc.
Your ball python barely misses Blork the orc.
Blork the orc looks encouraged for a moment.
Your ball python barely misses Blork the orc. x2
Blork the orc hits your ball python with a mace.
Your ball python barely misses Blork the orc. x2
Blork the orc gestures at your ball python while chanting.
The puff of flame hits your ball python.
Your ball python dies!
Casting: Sticks to Snakes
Confirm with . or Enter, or press ? or * to list all spells.
You extend your transformation's duration.
Blork the orc zaps a wand.
The puff of flame hits you!
You die...

#########...#.#
##..#.# #.>#.#
##.#.#######
#o#.......#
#.#######.# #.#
#.# #.# #.# #@#
#.# #.#######.#
#.........#
###########


You could see Blork the orc.

Vanquished Creatures
  The ghost of OlSheep the Sneak, an amateur KoEn (D:3)
  A scorpion (D:3)
  Terence (D:3)
  7 adders
  An ooze (D:2)
  2 worms (D:2)
  4 leopard geckos
  2 orcs (D:3)
  2 giant cockroaches
  6 hobgoblins
  4 jackals (D:2)
  3 quokkas (D:2)
  5 bats
  4 frilled lizards
  A goblin (D:1)
  4 kobolds
  5 rats
53 creatures vanquished.

Vanquished Creatures (collateral kills)
  Ijyb (D:3)
  An adder (D:2)
  A worm (D:3)
3 creatures vanquished.

Grand Total: 56 creatures vanquished

Notes
Turn   | Place    | Note
-------+----------+-------------------------------------------
     0 | D:1      | Loge the Draconian Transmuter began the quest for the Orb.
     0 | D:1      | Reached XP level 1. HP: 16/16 MP: 3/3
   462 | D:2      | Reached XP level 2. HP: 18/23 MP: 3/5
   467 | D:2      | Learned a level 2 spell: Sticks to Snakes
   878 | D:2      | Reached XP level 3. HP: 17/28 MP: 4/6
  1017 | D:2      | Reached skill level 4 in Unarmed Combat
  1678 | D:2      | Found a sparkling altar of Nemelex Xobeh.
  1690 | D:2      | Found a burning altar of Makhleb.
  1815 | D:2      | Became a worshipper of Makhleb the Destroyer
  1886 | D:2      | Reached XP level 4. HP: 33/35 MP: 7/7
  2312 | D:3      | Noticed Ijyb
  2336 | D:3      | Killed Ijyb
  2518 | D:3      | Reached skill level 5 in Unarmed Combat
  2599 | D:3      | Reached XP level 5. HP: 40/40 MP: 8/8
  2606 | D:3      | Learned a level 3 spell: Spider Form
  2610 | D:3      | Noticed OlSheep's ghost (amateur KoEn)
  2658 | D:3      | Killed OlSheep's ghost
  2706 | D:3      | Reached * piety under Makhleb
  3057 | D:3      | Found a white marble altar of Elyvilon.
  3306 | D:3      | Noticed Terence
  3326 | D:3      | Killed Terence
  3531 | D:4      | Noticed an ogre
  3562 | D:4      | Noticed Blork the orc
  3586 | D:3      | Reached XP level 6. HP: 14/47 MP: 4/9
  3826 | D:3      | Killed from afar by Blork the orc

Skill      XL: |  1  2  3  4 |
---------------+-------------+-----
Unarmed Combat | 4 5 |  5.8
Transmutations | 3 |  3.9
Fighting       | |  1.1
Dodging        | |  1.7
Spellcasting   | |  2.0

Action                   |  1- 3 |  4- 6 || total
-------------------------+-------+-------++-------
Melee: Unarmed           |   135 |   135 ||   270
       Tailslap          |    13 |    11 ||    24
       Headbutt          |     5 |     4 ||     9
       Kick              |     9 |     9 ||    18
       Punch             |     3 |     2 ||     5
 Cast: Beastly Appendage |    17 |    21 ||    38
       Sticks to Snakes  |     4 |    11 ||    15
 Stab: Sleeping          |     1 |       ||     1
  Eat: Chunk             |     4 |     4 ||     8
       Ration            |       |     1 ||     1
Armor: Skin              |    42 |    27 ||    69
Dodge: Dodged            |    91 |    70 ||   161
